Map: Whispers of Gold

Players

Imran

  • Race: Terran Terran
  • League: Gold
  • Spawn Location: 9:00

wootwoot - Winner!

  • Race: Terran Terran
  • League: Bronze
  • Spawn Location: 5:00

VOD

Have the link to the VOD?

Description

Time

  • Played on: April 1, 2025, 3:34 p.m.
  • Length: 3:16
Show
View Real Time Build Order
Export as new Build Order

Imran Terran 

Build Orders:  

Get SALT Encoding   

  12  0:00  SCV  
  13  0:12  SCV  
  14  0:18  Supply Depot  
  14  0:24  SCV  
  15  0:40  SCV  
  15  0:42  Supply Depot  
  16  0:45  Supply Depot  
  16  0:59  Barracks  
  16  1:04  SCV  
  17  1:22  Supply Depot  
  17  1:23  Barracks  
  17  1:33  SCV  
  18  1:51  Bunker  
  18  1:53  Marine  
  19  1:56  Bunker  
  19  2:02  SCV  
  20  2:11  Marine  
  20  2:12  Marine  
  20  2:13  Bunker  
  21  2:29  Marine  
  21  2:30  Marine  
  21  2:47  Marine  
  21  2:48  Marine  
Show
View Real Time Build Order
Export as new Build Order

wootwoot Terran - Winner!

Build Orders:  

Get SALT Encoding   

  12  0:00  SCV  
  13  0:12  SCV  
  14  0:19  Supply Depot  
  14  0:24  SCV  
  15  0:30  Refinery  
  15  0:41  SCV  
  16  0:49  Barracks  
  16  1:04  Barracks  
  16  1:20  Barracks  
  16  1:28  Refinery  
  16  1:36  Reaper  
  17  1:51  Reaper  
  18  1:57  Orbital Command  
  18  2:07  Reaper  
  19  2:08  Reaper  
  20  2:23  Reaper  
  21  2:39  Reaper  
  21  2:40  Reaper  
  21  2:43  Supply Depot  
  23  2:56  SCV  
Tags
 
Matchup
TvT
Race
Terran
Replay Pack
B2M-Replays
Spawn Locations
Cross Positions
Add a new tag
Caveats
  • Supply blocks, unpowered buildings, or Contaminate may cause inaccurate times.
  • Supply counts are checked every 10 seconds.